 Dungeon Crawl Stone Soup version 0.30.1-3-gfc49f6343a (webtiles) character file.

Game seed: 13859077991455941063

23 Arctor the Firebug (level 2, -2/20 HPs)
             Began as a Draconian Fire Elementalist on July 19, 2023.
             Slain by a worm (5 damage)
             ... on level 2 of the Dungeon.
             The game lasted 00:01:15 (1369 turns).

Arctor the Firebug (Draconian Fire Elementalist)    Turns: 1369, Time: 00:01:16

Health: -2/20      AC:  4    Str: 10    XL:     2   Next: 75%
Magic:  3/5        EV: 12    Int: 15    God:
Gold:   29         SH:  0    Dex: 11    Spells: 2/5 levels left

rFire   . . .        (no weapon)
rCold   . . .        (no shield)
rNeg    . . .        (body armour unavailable)
rPois   .            (helmet restricted)
rElec   .            (no cloak)
rCorr   .            (no gloves)
SInv    .            (no boots)
Will    .....        (no amulet)
Stlth   ++           (no ring)
HPRegen 0.23/turn    (no ring)
MPRegen 0.09/turn

%: no passive effects
@: no status effects
A: AC +4, unfitting armour, cold-blooded
a: no special abilities


You were on level 2 of the Dungeon.
You visited 1 branch of the dungeon, and saw 2 of its levels.

You collected 29 gold pieces.

Inventory:

Jewellery
 h - a ring of positive energy
Scrolls
 c - a scroll of noise {unknown}
 d - 2 scrolls of immolation {unknown}
 e - a scroll of brand weapon {unknown}
 f - a scroll of enchant weapon {unknown}
 g - a scroll of fear {unknown}
 j - a scroll of fog {unknown}
Potions
 a - a potion of magic
 b - 2 potions of attraction {unknown}
 i - a potion of heal wounds {unknown}


   Skills:
 + Level 2.1 Dodging
 + Level 2.1 Stealth
 + Level 2.2 Spellcasting
 + Level 1.4 Conjurations
 + Level 3.2 Fire Magic


You had 2 spell levels left.
You knew the following spells:

 Your Spells              Type           Power      Damage    Failure   Level
a - Foxfire               Conj/Fire      32%        2x1d5     9%          1
b - Scorch                Fire           22%        2d6       9%          2

Your spell library contained the following spells:

 Spells                   Type           Power      Damage    Failure   Level
 Magic Dart               Conj           24%        1d4       12%         1
 Searing Ray              Conj           12%        2d4       19%         2
 Inner Flame              Hex/Fire       6%         N/A       32%         3
 Volatile Blastmotes      Fire/Tloc      12%        2d11      32%         3
 Flame Wave               Conj/Fire      8%         2d5       63%         4
 Fulminant Prism          Conj/Hex       1%         3d5       85%         4


Dungeon Overview and Level Annotations

Branches:
Dungeon (2/15)

Altars:


Innate Abilities, Weirdness & Mutations

Your plain brown scales are hard. (AC +4)
You cannot fit into any form of body armour.
You are cold-blooded and may be slowed by cold attacks.


Message History

You barely miss the quokka.
You tail-slap the quokka, but do no damage.
The quokka is lightly wounded.
The quokka closely misses you.
You hit the quokka but do no damage.
The quokka is lightly wounded.
The quokka barely misses you.
You barely miss the quokka.
The quokka is lightly wounded.
The quokka bites you.
The quokka bites you but does no damage.
Casting: Foxfire (safe; 9% risk of failure)
Confirm with . or Enter, or press ? or * to list all spells.
You conjure some foxfire!
The quokka barely misses you.
Unknown command.
You closely miss the quokka.
The foxfire hits the quokka.
The quokka is moderately wounded.
The quokka bites you.
You hit the quokka.
Your tail-slap misses the quokka.
The quokka is almost dead.
The quokka barely misses you.
You hit the quokka.
You kill the quokka!
You hit the worm but do no damage. The worm bites you but does no damage.
You hit the worm.
The worm is lightly wounded.
You hit the worm but do no damage.
Your tail-slap misses the worm.
The worm is lightly wounded.
The worm bites you!
Ouch! That really hurt!
Casting: Foxfire (safe; 9% risk of failure)
Confirm with . or Enter, or press ? or * to list all spells.
You conjure some foxfire!
The worm bites you!
* * * LOW HITPOINT WARNING * * *
You hit the worm.
The worm is lightly wounded.
You barely miss the worm.
The worm is lightly wounded.
The worm bites you.
You die...

#.##.w##.# ##'##
#.#...##.# ##...##
#......#.# ##.....##
#........# ##.......#
##......####.....>...
##........'........<
##....####.........
#w#.## ##.......#
#@### ##.....## #v#
##...### #.# #......
#.# #..#### #.# #..#
#.##### #..####
#.....# ##...#..
#####.# #......# #.#
##......


You could see a worm (ally target).

Vanquished Creatures
  An adder (D:2)
  An endoplasm (D:1)
  2 giant cockroaches (D:1)
  A goblin (D:1)
  A quokka (D:2)
  A ball python (D:1)
  A frilled lizard (D:2)
  4 kobolds
  4 rats (D:1)
16 creatures vanquished.

Vanquished Creatures (others)
  66 foxfires
66 creatures vanquished.

Grand Total: 82 creatures vanquished

Notes
Turn   | Place    | Note
-------+----------+-------------------------------------------
     0 | D:1      | Arctor the Draconian Fire Elementalist began the quest for
                  | the Orb.
     0 | D:1      | Reached XP level 1. HP: 14/14 MP: 3/3
   723 | D:1      | Reached XP level 2. HP: 20/20 MP: 1/5
   815 | D:1      | Learned a level 2 spell: Scorch
  1369 | D:2      | Slain by a worm

Illustrated notes

Levels and vault maps discovered:
D:1:      lightli_iron_boxes, layout_basic, minmay_misc_feat_more_columns,
          hangedman_abyss_or_decor_lesser_grid
D:2:      layout_loops_corners, minmay_misc_feat_alley, dk_vineyard_1

Skill      XL: |  1  2 |
---------------+-------+-----
Stealth        | 2 |  2.1
Dodging        | 2 |  2.1
Spellcasting   | |  2.2
Conjurations   | |  1.4
Fire Magic     | |  3.2

Action                     || total
---------------------------++-------
  Melee: Unarmed           ||    25
         Tailslap          ||     2
   Cast: Foxfire           ||    43
 Armour: Skin              ||     6
  Dodge: Dodged            ||    16
